 Dungeon Crawl Stone Soup version 0.32-a0-876-gcfddb08e57 (webtiles) character file.

Game seed: 2323302864772091299

1852 ezpacito the Trooper (level 9, -3/68 HPs)
             Began as a Coglin Chaos Knight on Apr 1, 2024.
             Was a Plaything of Xom.
             Slain by a gnoll sergeant
             ... wielding a +4 spear of venom
              (8 damage)
             ... on level 6 of the Dungeon.
             The game lasted 00:12:07 (4875 turns).

ezpacito the Trooper (Coglin Chaos Knight)          Turns: 4875, Time: 00:12:07

Health: -3/68      AC: 15    Str: 24    XL:     9   Next: 12%
Magic:  9/12       EV:  9    Int:  9    God:    Xom [....*.]
Gold:   367        SH:  0    Dex: 11    Spells: 0/12 levels left

rFire   + . .        w - +4 rapier "Duxusme" {chaos, rElec rF+}
rCold   + . .        a - +2 hand axe (chaos) {Nimrit}
rNeg    . . .        g - +0 chain mail
rPois   .            (no helmet)
rElec   +            k - +0 cloak
rCorr   +            b - +2 pair of gloves of Yhenubrai {rCorr}
SInv    +            m - +0 pair of boots
Will    ++...        (amulet unavailable) Stlth
                     (ring unavailable)
HPRegen 1.11/turn    (ring unavailable)
MPRegen 0.13/turn    (no gizmo)

%: no passive effects
@: lethally poisoned (-3 -> -16), revving
A: off-hand wielding, slow wielding, warmup strikes, no jewellery, see
invisible, clumsy 1, cold resistance 1, strong-willed 2, regeneration 1, strong
2, inability to read after injury 1, MP-powered wands
a: Invent Gizmo, Renounce Religion


You were on level 6 of the Dungeon.
You worshipped Xom.
You were a beloved toy of Xom.
You visited 1 branch of the dungeon, and saw 6 of its levels.
You also visited: Sewer.

You collected 367 gold pieces.

Inventory:

Hand Weapons
 a - a +2 hand axe of chaos (offhand) {Nimrit}
 j - a +0 spear
 w - the +4 rapier "Duxusme" (weapon) {chaos, rElec rF+}
   (Xom gifted it to you on level 3 of the Dungeon)

   rF+:       It protects you from fire.
   rElec:     It insulates you from electricity.
Missiles
 d - 3 throwing nets
 e - 13 boomerangs (quivered)
 h - 6 javelins
 p - 8 poisoned darts
Armour
 b - the +2 pair of gloves of Yhenubrai (worn) {rCorr}
   (You acquired it on level 3 of the Dungeon)

   rCorr:     It protects you from acid and corrosion.
 g - a +0 chain mail (worn)
 k - a +0 cloak (worn)
 m - a +0 pair of boots (worn)
 r - a +0 plate armour
Magical Staves
 f - a staff of earth {Jihoo}
Talismans
 v - a flux talisman
Wands
 x - a wand of paralysis (6)
Scrolls
 n - 3 scrolls of fog
 q - a scroll of noise
 t - 2 scrolls of teleportation
 u - a scroll of brand weapon
Potions
 c - 4 potions of enlightenment
 s - 2 potions of brilliance


   Skills:
 * Level 5.3 Fighting
 * Level 5.3(5.7) Axes
 + Level 2.7(4.1) Polearms
 * Level 4.2 Armour
 * Level 4.0 Dodging
 + Level 2.4 Stealth
 + Level 2.1 Spellcasting
 + Level 1.6 Conjurations
 + Level 0.1 Hexes
 + Level 1.9 Necromancy
 - Level 1.1 Earth Magic
 + Level 2.2 Alchemy
 + Level 3.2 Evocations


You couldn't memorise any spells.
You knew the following spells:

 Your Spells              Type           Power      Damage    Failure   Level
a - Curse of Agony        Necr           4%         N/A       100%        5
b - Sandblast             Erth           6%         2d5       73%         1
c - Dazzling Flash        Conj/Hex       4%         N/A       98%         3
x - Mephitic Cloud        Conj/Alch/Air  3%         N/A       97%         3

Your spell library contained the following spells:

 Spells                   Type           Power      Damage    Failure   Level
 Stone Arrow              Conj/Erth      6%         3d7       96%         3
 Teleport Other           Tloc           0%         N/A       99%         3
 Brom's Barrelling Bould  Conj/Erth      3%         2d3       100%        4
 Silence                  Hex/Air        0%         N/A       100%        5
 Dispersal                Tloc           0%         N/A       100%        6
 Gell's Gavotte           Tloc           0%         2d(11-16) 100%        6


Dungeon Overview and Level Annotations

Branches:
Dungeon (6/15)              Sewer (visited)
 Temple: D:4-7

Altars:
Cheibriados
Dithmenos
Fedhas
Sif Muna
Vehumet
Xom


Innate Abilities, Weirdness & Mutations

You can wield a second weapon in your off-hand.
It takes a long time for you to wield or remove held weapons.
Your first few attacks do less damage.
You cannot equip rings or amulets.
You have supernaturally acute eyesight. (SInv)
You are clumsy. (Dex -2)
Your flesh is cold resistant. (rC+)
You are highly strong-willed. (Will++)
Your natural rate of healing is unusually fast.
Your muscles are very strong. (Str +8, Int/Dex -2)
You occasionally lose the ability to read scrolls when taking damage.
You expend magic power (3 MP) to strengthen your wands.


Message History

You feel very sick. The hound completely misses you.
The gnoll sergeant hits you with a +4 spear of venom!
You take 11 damage, and have 26/68 hp.
It was a potion of attraction.
You feel attractive to monsters.
Xom thinks this is hilarious!
You feel very sick. The hound barely misses you.
The gnoll sergeant hits you but does no damage.
You are more poisoned.
The hound barely misses you.
You take 1 damage, and have 25/68 hp.
You feel extremely sick.
The gnoll sergeant hits you with a +4 spear of venom!
* * * LOW HITPOINT WARNING * * *
You are more poisoned.
You take 11 damage, and have 14/68 hp.
It was a potion of cancellation.
Your magical effects are unravelling.
You feel magically purged.
You feel less invigorated.
You feel less confused.
* * * LOW HITPOINT WARNING * * *
You feel extremely sick. The hound bites you but does no damage.
The gnoll sergeant barely misses you. The hound barely misses you.
You feel less attractive to monsters.
You take 4 damage, and have 10/68 hp.
Unknown command.
Okay, then.
Aiming: Paralyse
Press: ? - help, Shift-Dir - straight line, f - gnoll sergeant
Aim: a gnoll sergeant, wielding a +4 spear of venom and wearing a +0 ring mail (chance to affect: 62%)
You feel a surge of power!
The gnoll sergeant resists with significant effort.
* * * LOW HITPOINT WARNING * * *
You feel very sick. The hound bites you but does no damage.
The gnoll sergeant hits you with a +4 spear of venom!
You die...
Xom roars with laughter!

...... #.....# ......#
#.....# #....###.....#
##### #............
#...# #...........
#...+ #......._...
#.@.####^..........
#.hg..##......†....
#....⌠##..###.....#
#..##''###)..# #.....#
........).....###.....#
..............#.##..###
##.................##
.#####.............####
.## #.................#


You could see a gnoll sergeant and a hound (resistant).

Vanquished Creatures
  Sigmund (D:6)
  2 crocodiles (Sewer)
  An ice beast (D:5)
  2 ogres
  A centaur (D:4)
  A scorpion (D:5)
  2 gnoll sergeants (D:6)
  A killer bee (D:5)
  A howler monkey (D:3)
  An electric eel (D:6)
  A bombardier beetle (D:6)
  6 hounds
  3 gnoll boudas
  Jessica (D:2)
  2 iguanas
  An orc wizard (D:4)
  2 sleepcaps
  A sickly merfolk siren (Sewer)
  A malarious merfolk avatar (Sewer)
  11 adders
  21 gnolls
  2 river rats (Sewer)
  4 dart slugs
  A ribbon worm (D:2)
  12 orcs
  9 ball pythons
  5 bats
  6 endoplasms
  4 giant cockroaches
  6 goblins
  5 hobgoblins
  2 jackals (D:6)
  4 quokkas
  7 frilled lizards
  5 kobolds
  27 rats
162 creatures vanquished.

Notes
Turn   | Place    | Note
-------+----------+-------------------------------------------
     0 | D:1      | ezpacito the Coglin Chaos Knight began the quest for the
                  | Orb.
     0 | D:1      | Reached XP level 1. HP: 18/18 MP: 1/1
    52 | D:1      | XOM: silly message
    56 | D:1      | Reached skill level 1 in Dodging
   113 | D:1      | Reached XP level 2. HP: 24/24 MP: 2/2
   388 | D:1      | XOM: cloud trail
   520 | D:1      | XOM: cloud trail
   630 | D:2      | Found a shadowy altar of Dithmenos.
   655 | D:2      | Reached XP level 3. HP: 26/29 MP: 3/3
   792 | D:2      | Reached XP level 4. HP: 35/35 MP: 4/4
   964 | D:2      | XOM: scenery: 1 doors open
  1120 | D:2      | Noticed Jessica
  1126 | D:2      | Killed Jessica
  1127 | D:2      | Reached skill level 1 in Evocations
  1375 | D:3      | XOM: polymorph adder -> quokka
  1432 | D:3      | Reached XP level 5. HP: 41/41 MP: 4/6
  1486 | D:3      | Identified a scroll of acquirement
  1486 | D:3      | Acquired the +2 pair of gloves of Yhenubrai {rCorr}
  1508 | D:3      | XOM: give mutations
  1508 | D:3      | Gained mutation: You are strong-willed. (Will+) [Xom's
                  | grace]
  1508 | D:3      | Gained mutation: You are highly strong-willed. (Will++)
                  | [Xom's grace]
  1508 | D:3      | Gained mutation: Your flesh is cold resistant. (rC+) [Xom's
                  | grace]
  1525 | D:3      | Reached skill level 1 in Polearms
  1525 | D:3      | Reached skill level 1 in Stealth
  1615 | D:3      | XOM: cloud trail
  1618 | D:3      | Found a glowing drain.
  1618 | D:3      | XOM: 7-stop teleportation journey
  1619 | D:3      | Identified the +4 rapier "Duxusme" {flame, rElec rF+} (Xom
                  | gifted it to you on level 3 of the Dungeon)
  1619 | D:3      | XOM: god gift: +4 rapier "Duxusme" {chaos, rElec rF+}
  1763 | Sewer    | Entered a sewer
  1764 | Sewer    | XOM: 3-stop teleportation journey
  1844 | Sewer    | Noticed a crocodile
  1847 | Sewer    | Noticed a crocodile
  1852 | Sewer    | XOM: snakes to sticks
  1855 | Sewer    | XOM: polymorph butterfly -> warg
  1893 | Sewer    | Killed a crocodile
  1894 | Sewer    | Reached skill level 1 in Spellcasting
  1894 | Sewer    | Reached skill level 1 in Earth Magic
  1894 | Sewer    | Reached XP level 6. HP: 28/48 MP: 7/7
  2138 | Sewer    | Reached XP level 7. HP: 51/54 MP: 8/8
  2191 | Sewer    | XOM: divination: magic mapping
  2538 | D:3      | XOM: give mutations
  2538 | D:3      | Gained mutation: You are clumsy. (Dex -2) [Xom's mischief]
  2538 | D:3      | Gained mutation: You occasionally lose the ability to read
                  | scrolls when taking damage. [Xom's mischief]
  2538 | D:3      | Gained mutation: Your muscles are strong. (Str +4, Int/Dex
                  | -1) [Xom's mischief]
  2538 | D:3      | Gained mutation: You expend magic power (3 MP) to
                  | strengthen your wands. [Xom's mischief]
  2610 | D:3      | XOM: give mutations
  2610 | D:3      | Gained mutation: You have supernaturally acute eyesight.
                  | (SInv) [Xom's grace]
  2610 | D:3      | Gained mutation: Your natural rate of healing is unusually
                  | fast. [Xom's grace]
  2610 | D:3      | Gained mutation: Your muscles are very strong. (Str +8,
                  | Int/Dex -2) [Xom's grace]
  2769 | D:3      | Learned a level 3 spell: Mephitic Cloud
  2775 | D:3      | Learned a level 5 spell: Curse of Agony
  3073 | D:4      | Found a shimmering altar of Xom.
  3705 | D:5      | Entered Level 5 of the Dungeon
  3749 | D:5      | XOM: noise
  3824 | D:5      | XOM: god gift: scroll labelled CEALA IGUITO {god gift}
  3837 | D:5      | XOM: smoke on damage
  3863 | D:5      | XOM: 8-stop teleportation journey
  3868 | D:5      | Reached XP level 8. HP: 61/61 MP: 10/10
  3874 | D:5      | Reached skill level 1 in Alchemy
  4015 | D:5      | Found a shadowy altar of Dithmenos.
  4046 | D:5      | Reached skill level 1 in Conjurations
  4046 | D:5      | Reached skill level 1 in Necromancy
  4053 | D:5      | Found a radiant altar of Vehumet.
  4055 | D:5      | Found a blossoming altar of Fedhas.
  4055 | D:5      | Found a shimmering blue altar of Sif Muna.
  4547 | D:6      | Noticed Sigmund
  4584 | D:6      | Killed Sigmund
  4585 | D:6      | Reached skill level 5 in Fighting
  4585 | D:6      | Reached skill level 5 in Axes
  4621 | D:6      | XOM: divination: detect items
  4645 | D:6      | Reached XP level 9. HP: 47/68 MP: 12/12
  4645 | D:6      | XOM: scenery: 1 doors open
  4831 | D:6      | Learned a level 1 spell: Sandblast
  4835 | D:6      | Learned a level 3 spell: Dazzling Flash
  4840 | D:6      | Found a snail-covered altar of Cheibriados.
  4875 | D:6      | Slain by a gnoll sergeant

Illustrated notes

Levels and vault maps discovered:
D:1:      eino_arrival_cavern_d, layout_basic, minmay_misc_feat_four_crosses
D:2:      layout_basic, basic_altar, minmay_circle_x, uniq_jessica
D:3:      layout_loops_ring, portal_sewer_entry_d
D:4:      layout_gridville, mainiacjoe_overflow_small_starburst
D:5:      layout_basic, kennysheep_mini_moat,
          chequers_temple_overflow_statue_of_worship
D:6:      minmay_chambers_of_fours, layout_cave_pools, slow_altar_1,
          serial_gnoll_camp, gnoll_camp_huts_moat, gnoll_camp_mini_house,
          gnoll_camp_mini_basic, gnoll_camp_mini_basic, dk_noncrumbling_4,
          uniq_sigmund

Skill      XL: |  1  2  3  4  5  6  7  8  9 |
---------------+----------------------------+-----
Dodging        | 1 2 3 4 |  4.0
Armour         | 2 3 4 |  4.2
Evocations     | 1 2 3 |  3.2
Polearms       | 1 2 |  2.7
Stealth        | 1 2 |  2.4
Spellcasting   | 1 2 |  2.1
Earth Magic    | 1 |  1.1
Fighting       | 4 5 |  5.3
Axes           | 4 5 |  5.3
Alchemy        | 2 |  2.2
Conjurations   | 1 |  1.6
Necromancy     | 1 |  1.9
Hexes          | |  0.1

Action                     |  1- 3 |  4- 6 |  7- 9 || total
---------------------------+-------+-------+-------++-------
  Melee: Hand axe          |    45 |   104 |   149 ||   298
         Dagger            |    10 |       |       ||    10
         Staff             |    28 |    58 |       ||    86
         Rapier            |       |    40 |   148 ||   188
  Throw: Boomerang         |       |     1 |       ||     1
  Evoke: Wand              |       |       |     1 ||     1
    Use: Potion            |     1 |     3 |     6 ||    10
         Scroll            |       |    13 |     2 ||    15
   Stab: Confused          |     1 |       |       ||     1
         Paralysed         |     2 |     1 |       ||     3
         Sleeping          |     1 |       |       ||     1
         Held in net/web   |       |       |     1 ||     1
 Armour: Leather armour    |    39 |    29 |       ||    68
         Chain mail        |       |    61 |   210 ||   271
  Dodge: Dodged            |    30 |    61 |    88 ||   179

Table legend: (Time is in decaauts)
 A = Elapsed time spent in this place.
 B = Non-inter-level travel time spent in this place.
 C = Inter-level travel time spent in this place.
 D = Time resting spent in this place.
 E = Time spent auto-exploring this place.
 F = Levels seen in this place.
 G = Mean time per level.
                   A        B        C        D        E       F      G
               +--------+--------+--------+--------+--------+-----+--------+
         Total |   4982 |   4803 |    179 |    162 |   3478 |   7 |  711.7 |
       Dungeon |   4226 |   4047 |    179 |      2 |   3092 |   6 |  704.3 |
         Sewer |    756 |    756 |      0 |    160 |    386 |   1 |  756.0 |
               +--------+--------+--------+--------+--------+-----+--------+

Top non-repeatable levels by time:
     D:4: 891 daAuts
     D:5: 858 daAuts
     D:3: 794 daAuts
     D:2: 762 daAuts
   Sewer: 756 daAuts
     D:1: 591 daAuts
     D:6: 327 daAuts
